Map: Ruins of Seras

Players

LiquidBunny (Bunny)

  • Race: Terran Terran
  • League: Grandmaster

ShoWTimE - Winner!

  • Race: Protoss Protoss
  • League: Master

Event: Homestory Cup XII

VOD

Have the link to the VOD?

Description

Time

  • Played on: Dec. 19, 2015, 11:04 a.m.
  • Length: 9:09

All games in this series

Show
View Real Time Build Order
Export as new Build Order

LiquidBunny Terran 

Build Orders: Liberator Opening, MMM Bio 

Get SALT Encoding   

  12  0:00  SCV  
  13  0:12  SCV  
  14  0:17  Supply Depot  
  14  0:25  SCV  
  15  0:39  SCV  
  15  0:40  Barracks  
  16  0:45  Refinery  
  16  0:51  SCV  
  17  1:03  SCV  
  18  1:15  SCV  
  19  1:27  Marine, Orbital Command  
  20  1:36  Supply Depot  
  20  1:45  Marine  
  20  1:46  Factory  
  21  1:53  SCV  
  22  2:03  Marine  
  22  2:05  SCV  
  24  2:14  Command Center  
  24  2:17  SCV  
  24  2:20  Refinery  
  25  2:23  Barracks Reactor  
  25  2:28  Widow Mine  
  27  2:30  SCV  
  28  2:37  Supply Depot  
  28  2:42  SCV  
  29  2:50  Starport  
  29  2:54  SCV  
  29  2:58  Factory Tech Lab  
  30  3:06  SCV  
  30  3:07  Marine  
  30  3:08  Marine  
  33  3:15  Liberator  
  33  3:18  SCV  
  34  3:25  Marine x2  
  34  3:26  Orbital Command  
  35  3:33  SCV  
  39  3:43  Marine x2  
  39  3:45  SCV  
  41  3:51  SCV  
  42  3:56  Cyclone  
  42  3:57  SCV  
  46  4:03  SCV  
  46  4:04  Engineering Bay, Liberator  
  46  4:08  Marine x2  
  50  4:10  SCV  
  50  4:16  SCV  
  51  4:20  Supply Depot  
  54  4:25  Supply Depot  
  54  4:34  Barracks  
  54  4:38  Barracks  
  54  4:42  SCV x2, Supply Depot  
  56  4:52  Marine x2  
  56  4:54  SCV x2  
  60  5:01  Supply Depot  
  60  5:05  Refinery  
  60  5:06  SCV x2, Starport Reactor  
  62  5:08  Terran Infantry Weapons Level 1  
  62  5:10  Marine x2  
  64  5:18  SCV x2  
  66  5:27  Barracks Tech Lab  
  66  5:30  SCV x2  
  66  5:35  Marine  
  68  5:39  Marine  
  68  5:42  SCV x2  
  72  5:46  Stimpack  
  72  5:47  Combat Shields, Marauder  
  71  5:53  Barracks  
  71  5:54  Barracks  
  71  5:55  Refinery  
  71  5:56  Command Center, SCV  
  72  5:57  Marine  
  72  5:58  Marauder  
  72  6:03  Medivac  
  78  6:07  Medivac  
  78  6:08  Marine  
  78  6:10  Marauder  
  83  6:15  Marine  
  83  6:19  Marauder  
  83  6:20  SCV  
  83  6:21  Supply Depot  
  86  6:41  Supply Depot  
  86  6:42  Barracks Reactor, Barracks Tech Lab  
  86  6:43  SCV x2, Marauder x2, Marine x2  
  94  6:55  SCV x2  
  94  7:00  Marine x2  
  93  7:02  Marauder  
  93  7:05  Marauder x2  
  94  7:18  Marine x3  
  91  7:23  Marine  
  91  7:25  Marine x2  
  91  7:26  Marauder  
  88  7:36  Marine x3  
  80  7:41  Marauder  
  80  7:42  Marine  
  79  7:44  Marauder  
  77  7:54  Marine x2  
  77  7:58  Marine  
  72  8:02  Marauder  
  72  8:05  Marauder  
  75  8:12  Marine  
  67  8:15  Marine x2  
  55  8:24  Marauder  
  55  8:27  Marauder  
  48  8:30  Marine  
  48  8:33  Marine x2  
  41  8:45  Marauder  
  41  8:47  Marine x2  
Show
View Real Time Build Order
Export as new Build Order

ShoWTimE Protoss - Winner!

Build Orders: 1 Gate Expand 

Get SALT Encoding   

  12  0:00  Probe (Chrono Boost)  
  13  0:11  Probe (Chrono Boost)  
  14  0:18  Pylon  
  14  0:22  Probe (Chrono Boost)  
  15  0:36  Gateway, Probe (Chrono Boost)  
  16  0:42  Assimilator  
  16  0:47  Probe (Chrono Boost)  
  17  0:58  Probe (Chrono Boost)  
  18  1:08  Probe (Chrono Boost)  
  19  1:25  Nexus  
  19  1:36  Cybernetics Core  
  19  1:39  Probe (Chrono Boost)  
  20  1:45  Assimilator  
  20  1:50  Probe (Chrono Boost)  
  21  1:55  Pylon  
  21  2:00  Probe (Chrono Boost)  
  22  2:13  Adept (Chrono Boost)  
  22  2:14  Mothership Core (Chrono Boost)  
  26  2:17  Warp Gate  
  26  2:32  Probe  
  26  2:35  Probe  
  27  2:40  Adept (Chrono Boost)  
  30  2:44  Probe  
  30  2:49  Robotics Facility  
  30  2:50  Probe  
  31  2:56  Probe  
  33  3:02  Probe  
  33  3:03  Adept (Chrono Boost)  
  36  3:08  Probe  
  37  3:13  Probe  
  37  3:20  Probe  
  37  3:23  Probe  
  39  3:30  Adept (Chrono Boost)  
  39  3:32  Probe  
  42  3:34  Probe  
  42  3:36  Pylon  
  42  3:40  Twilight Council  
  42  3:41  Observer  
  44  3:44  Probe  
  44  3:45  Probe  
  46  3:55  Probe  
  42  3:57  Probe  
  42  4:01  Pylon  
  44  4:05  Probe  
  44  4:07  Observer  
  44  4:08  Assimilator  
  44  4:09  Probe  
  47  4:12  Assimilator  
  47  4:16  Probe  
  47  4:17  Blink (Chrono Boost)  
  47  4:21  Probe  
  47  4:23  Gateway  
  49  4:26  Gateway, Probe  
  50  4:33  Probe  
  50  4:34  Pylon  
  50  4:37  Probe, Observer  
  53  4:48  Gateway  
  53  4:51  Pylon  
  52  4:56  Gateway  
  51  5:09  Gateway  
  51  5:10  Stalker  
  53  5:22  Stalker x2  
  53  5:23  Warp Prism  
  53  5:26  Probe  
  53  5:27  Probe  
  61  5:34  Gateway  
  59  5:47  Pylon  
  57  5:56  Probe  
  57  5:57  Probe  
  58  5:59  Adept x2  
  63  6:09  Pylon  
  63  6:11  Stalker x2  
  63  6:12  Stalker  
  63  6:17  Stalker  
  71  6:22  Stalker x2  
  75  6:46  Pylon  
  75  6:48  Pylon  
  75  6:55  Adept x6  
  75  6:56  Adept  
  89  7:15  Stalker x4  
  93  7:16  Stalker  
  90  7:31  Adept  
  90  7:32  Adept  
  89  7:45  Stalker  
  89  7:46  Stalker  
  89  7:50  Stalker  
  91  8:00  Stalker  
  91  8:15  Adept  
  91  8:16  Pylon  
  91  8:17  Pylon  
  85  8:21  Adept x3  
  85  8:22  Adept  
  85  8:30  Adept x2  
  83  8:39  Adept  
  65  8:48  Adept x3  
  65  8:49  Adept  
  65  8:54  Adept x2  
  69  8:59  Adept  
Tags
 
Add a new tag
Caveats
  • Supply blocks, unpowered buildings, or Contaminate may cause inaccurate times.
  • Supply counts are checked every 10 seconds.